 Dungeon Crawl Stone Soup version 0.25-a0-36-g303dd5b1f4 (webtiles) character file.

Game seed: 13436844197915138460, levelgen mode: deterministic

317 MrRokkomies the Ducker (level 6, -2/24 HPs)
             Began as a Felid Summoner on Oct 20, 2019.
             Slain by a centaur skeleton (7 damage)
             ... on level 4 of the Dungeon.
             The game lasted 00:15:08 (4670 turns).

MrRokkomies the Ducker (Felid Summoner)             Turns: 4670, Time: 00:15:08

Health: -2/24      AC:  2    Str:  4    XL:     6   Next: 20%
Magic:  1/10       EV: 21    Int: 21    God:
Gold:   276        SH:  0    Dex: 17    Spells: 1/9 levels left
                                        Lives:  0   Deaths: 1

rFire    . . .     SeeInvis +   (weapon unavailable)
rCold    . . .     Gourm    .   (shield unavailable)
rNeg     . . .     Faith    .   (armour unavailable)
rPois    +         Spirit   .   (helmet unavailable)
rElec    .         Reflect  .   (cloak unavailable)
rCorr    .         Harm     .   (gloves unavailable)
MR       .....                  (boots unavailable)
Stlth    +++.......             (no amulet)
HPRegen  0.08/turn              f - +3 ring of intelligence
MPRegen  0.12/turn              l - ring of poison resistance

@: quick
A: very small, no armour, no weapons or thrown items, stealth, claws 1, fangs 3,
see invisible, carnivore, speed 1, shaggy fur 2, slow metabolism 1, sharp paws
a: no special abilities


You were on level 4 of the Dungeon.
You were full.

You visited 1 branch of the dungeon, and saw 4 of its levels.

You collected 276 gold pieces.

Inventory:

Jewellery
 f - a +3 ring of intelligence (left paw)
 l - a ring of poison resistance (right paw)
Scrolls
 j - a scroll of remove curse
Potions
 a - a potion of flight
 c - 2 potions of curing
 d - a potion of agility
 e - 2 potions of resistance
 g - a potion of magic {unknown}
 h - a potion of cancellation
 i - 3 potions of might
 k - a potion of lignification {unknown}
 n - a potion of berserk rage {unknown}
Comestibles
 b - 8 rations


   Skills:
 - Level 6.1 Dodging
 + Level 4.9 Stealth
 - Level 2.0 Spellcasting
 * Level 0.6 Conjurations
 * Level 5.8 Summonings


You had one spell level left.
You knew the following spells:

 Your Spells              Type           Power        Failure   Level  Hunger
a - Blink                 Tloc           N/A          22%         2    ##.....
b - Call Imp              Summ           ####....     1%          2    ##.....
c - Call Canine Familiar  Summ           ####....     4%          3    ###....
d - Magic Dart            Conj           #...         12%         1    #......

Your spell library contained the following spells:

 Spells                   Type           Power        Failure   Level  Hunger
 Summon Small Mammal      Summ           ####         1%          1    #......
 Summon Guardian Golem    Hex/Summ       ##......     13%         3    ###....
 Slow                     Hex            #.......     22%         2    ##.....
 Conjure Flame            Conj/Fire      #.......     36%         3    ###....
 Mephitic Cloud           Conj/Pois/Air  #.......     38%         3    ###....
 Summon Ice Beast         Ice/Summ       ##......     41%         4    #####..
 Summon Lightning Spire   Summ/Air       ##......     41%         4    #####..


Dungeon Overview and Level Annotations

Branches:
Dungeon (4/15)
 Temple: D:4-7

Altars:
Zin


Innate Abilities, Weirdness & Mutations

You cannot wear armour.
You are incapable of wielding weapons or throwing items.
Your paws allow you to move quietly. (Stealth)
You have sharp claws.
You have razor-sharp teeth.
You have supernaturally acute eyesight. (SInv)
You are carnivorous and can eat meat at any time.
You cover ground quickly.
You are covered in thick fur. (AC +2)
You have a slow metabolism.
Your sharp claws are effective at attacking unaware monsters.


Message History

Your hound closely misses the orc.
Your crimson imp blinks!
Your hound closely misses the orc.
The orc hits you with a +0 short sword.
* * * LOW HITPOINT WARNING * * *
Something misses your hound.
Your crimson imp hits the orc.
The orc dies!
Your hound bites the centaur skeleton.
What are your orders? t - Meow!
Orders for allies: a - Attack new target. r - Retreat! s - Stop attacking. g - Guard the area. f - Follow me.
Anything else - Cancel.
Gang up on whom?
Press: ? - help, Dir - move target cursor, f - centaur skeleton
Aim: a centaur skeleton (lightly damaged) Attack!
Your hound disappears in a puff of smoke!
The centaur skeleton hits you!
You die...

#................##...........
#................##...........
##...........###.###..........
##........#####.#.#####......#
#......#### ..##.### .....###
.... #...### ..#### #....
#..!?.### ### ###..
##.###...## # ## #@.##...... #
#Z##....... # ##5#........ #
#.5o....5... #.#ยง........
#........... #............
#.#.......... #.##!....$...


You could see an orc priest, a centaur skeleton and 2 friendly crimson imps.

Vanquished Creatures
  An ooze (D:3)
  A dart slug (D:3)
  A leopard gecko (D:3)
  2 orcs (D:3)
  A giant cockroach (D:1)
  7 goblins
  4 hobgoblins
  2 ball pythons
  6 bats
  5 frilled lizards
  8 kobolds
  6 rats
44 creatures vanquished.

Vanquished Creatures (collateral kills)
  2 ogres (D:4)
  A bullfrog (D:3)
  An orc priest (D:4)
  Jessica (D:2)
  An iguana (D:3)
  Natasha (D:3)
  An orc wizard (D:3)
  2 worker ants (D:4)
  A hound skeleton (D:4)
  Robin (D:3)
  6 adders
  2 oozes (D:3)
  A worm (D:2)
  A leopard gecko (D:1)
  19 orcs
  A giant cockroach (D:1)
  10 goblins
  2 hobgoblins (D:3)
  4 jackals (D:2)
  6 kobolds
  3 quokkas
  A ball python (D:2)
  2 bats
  2 frilled lizards
  4 rats
76 creatures vanquished.

Grand Total: 120 creatures vanquished

Notes
Turn   | Place    | Note
-------+----------+-------------------------------------------
     0 | D:1      | MrRokkomies the Felid Summoner began the quest for the Orb.
     0 | D:1      | Reached XP level 1. HP: 7/7 MP: 4/4
   382 | D:1      | Reached skill level 3 in Dodging
   619 | D:1      | Reached XP level 2. HP: 7/11 MP: 1/6
   707 | D:1      | Learned a level 2 spell: Call Imp
  1071 | D:2      | Reached XP level 3. HP: 12/14 MP: 2/7
  1420 | D:2      | Noticed Jessica
  1432 | D:2      | Killed Jessica
  1432 | D:2      | Reached skill level 4 in Dodging
  1509 | D:2      | Reached XP level 4. HP: 18/18 MP: 3/8
  2268 | D:3      | Learned a level 3 spell: Call Canine Familiar
  2613 | D:3      | Reached skill level 5 in Summonings
  2669 | D:3      | Noticed Natasha
  2682 | D:3      | Killed Natasha
  2739 | D:3      | Reached XP level 5. HP: 21/21 MP: 9/9
  2918 | D:3      | Slain by a bullfrog
  2919 | D:3      | Reached XP level 4. HP: -1/18 MP: 4/8
  3003 | D:3      | Noticed Robin
  3029 | D:3      | Reached skill level 5 in Dodging
  3047 | D:3      | Killed Robin
  3197 | D:3      | Killed a bullfrog
  3317 | D:3      | Reached XP level 5. HP: 21/21 MP: 9/9
  3556 | D:3      | Learned a level 2 spell: Blink
  3558 | D:3      | Learned a level 1 spell: Magic Dart
  4166 | D:4      | Noticed an ogre
  4183 | D:4      | Killed an ogre
  4289 | D:4      | Found a glowing silver altar of Zin.
  4345 | D:4      | Noticed an ogre
  4360 | D:4      | Killed an ogre
  4360 | D:4      | Reached skill level 6 in Dodging
  4360 | D:4      | Gained mutation: You are covered in thick fur. (AC +2)
                  | [Felid growth]
  4360 | D:4      | Reached XP level 6. HP: 23/24 MP: 5/10
  4670 | D:4      | Slain by a centaur skeleton

Levels and vault maps discovered:
D:1:      wander_arrival_lonely_grave, layout_rooms
D:2:      layout_basic, uniq_jessica
D:3:      layout_loops_corners, uniq_robin, uniq_natasha
D:4:      layout_cave_pods, lemuel_doored_altar, kennysheep_little_box,
          first_ration

Skill      XL: |  1  2  3  4  5 |
---------------+----------------+-----
Dodging        | 3 4 5 6 |  6.1
Stealth        | 3 4 |  4.9
Summonings     | 5 |  5.8
Spellcasting   | |  2.0
Conjurations   | |  0.6

Action                   |  1- 3 |  4- 6 || total
-------------------------+-------+-------++-------
Melee: Unarmed           |    72 |   161 ||   233
       Bite              |     4 |    18 ||    22
 Cast: Summon Small Mamm |    17 |       ||    17
       Call Imp          |    10 |    16 ||    26
       Call Canine Famil |       |    13 ||    13
       Magic Dart        |       |     9 ||     9
  Use: Scroll            |     6 |     7 ||    13
       Potion            |       |     1 ||     1
 Stab: Sleeping          |     9 |    12 ||    21
       Distracted        |     1 |     2 ||     3
  Eat: Chunk             |     3 |    10 ||    13
Armor: Skin              |    10 |     4 ||    14
Dodge: Dodged            |    94 |   130 ||   224

Table legend:
 A = Non-vault XP
 B = Vault XP
 C = Vault XP percentage of total XP
 D = Non-vault monster count
 E = Vault monster count
 F = Vault count percentage of total count
                 A         B        C        D         E       F
            +---------+---------+-------+---------+---------+-------
      Total |     477 |      79 |  14.2 |     105 |      15 |  12.5
            +---------+---------+-------+---------+---------+-------
        D:1 |      28 |       0 |   0.0 |      22 |       0 |   0.0
        D:2 |      52 |      27 |  34.2 |      23 |       1 |   4.2
        D:3 |     169 |      52 |  23.5 |      43 |      14 |  24.6
        D:4 |     228 |       0 |   0.0 |      17 |       0 |   0.0
            +---------+---------+-------+---------+---------+-------
